 Dungeon Crawl Stone Soup version 0.29.1-15-g9cfb28693d (webtiles) character file.

Game seed: 14862009982224425949

118 safid the Chiller (level 5, -4/39 HPs)
             Began as a Merfolk Ice Elementalist on Apr 20, 2023.
             Killed by divine providence
             ... invoked by an orc priest
              (12 damage)
             ... on level 4 of the Dungeon.
             The game lasted 00:05:34 (2937 turns).

safid the Chiller (Merfolk Ice Elementalist)        Turns: 2937, Time: 00:05:34

Health: -4/39      AC:  9    Str: 14    XL:     5   Next: 2%
Magic:  0/9        EV: 12    Int: 16    God:
Gold:   200        SH:  0    Dex: 15    Spells: 3/10 levels left

rFire   . . .      SeeInvis .   m - +0 dagger (elec)
rCold   . . .      Faith    .   (no shield)
rNeg    . . .      Spirit   .   a - +0 robe
rPois   .          Reflect  .   (no helmet)
rElec   .          Harm     .   (no cloak)
rCorr   .          Rampage  .   (no gloves)
Will    .....                   c - +0 pair of boots
Stlth   ++........              (no amulet)
HPRegen 0.13/turn               g - +6 ring of strength
MPRegen 0.11/turn               (no ring)

@: ice-armoured, freezing walls
A: (nimble swimmer 2), mertail
a: no special abilities


You were on level 4 of the Dungeon.
You visited 1 branch of the dungeon, and saw 4 of its levels.

You collected 200 gold pieces.

Inventory:

Hand Weapons
 m - a +0 dagger of electrocution (weapon)
Missiles
 d - 5 javelins
Armour
 a - a +0 robe (worn)
 c - a +0 pair of boots (worn)
Jewellery
 g - a +6 ring of strength (left hand)
Scrolls
 h - a scroll of noise {unknown}
 i - a scroll of identify {unknown}
 k - a scroll of poison {unknown}
 l - 2 scrolls of fog {unknown}
 n - a scroll of brand weapon {unknown}
 p - a scroll of magic mapping {unknown}
 q - a scroll of vulnerability {unknown}
 s - a scroll of fear {unknown}
Potions
 b - a potion of magic
 e - 2 potions of might {unknown}
 f - a potion of invisibility {unknown}
 j - a potion of degeneration {unknown}
 o - 3 potions of resistance {unknown}
 r - a potion of mutation {unknown}


   Skills:
 + Level 2.6 Fighting
 - Level 2.6 Dodging
 - Level 2.1 Stealth
 + Level 3.1 Spellcasting
 + Level 5.2 Ice Magic


You had 3 spell levels left.
You knew the following spells:

 Your Spells              Type           Power      Damage    Failure   Level
a - Freeze                Ice            76%        1d9       2%          1
b - Frozen Ramparts       Ice            38%        1d6       6%          3
c - Ozocubu's Armour      Ice            19%        N/A       6%          3

Your spell library contained the following spells:

 Spells                   Type           Power      Damage    Failure   Level
 Hailstorm                Conj/Ice       10%        3d5       52%         4


Dungeon Overview and Level Annotations

Branches:
Dungeon (4/15)
 Temple: D:4-7

Altars:


Innate Abilities, Weirdness & Mutations

((You are very nimble when in or above water. (Stealth+, EV+, Speed+++)))
Your lower body shifts to a powerful aquatic tail in water.


Message History

The orc priest moves out of view.
The orc priest shouts!
You hit the orc wizard but do no damage.
An orc priest comes into view. It is wielding a +0 hand axe.
The orc wizard gestures at you while chanting.
The puff of flame hits you!
An orc wizard comes into view. It is wielding a +0 dagger.
You closely miss the orc wizard.
The orc wizard hits you with a +0 dagger.
The orc wizard shouts!
You hit the orc priest.
The orc priest is lightly wounded.
The orc priest misses you.
The orc wizard hits you with a +0 dagger.
Unknown command.
Casting: Freeze (safe; 2% risk of failure)
Confirm with . or Enter, or press ? or * to list all spells.
Casting: Frozen Ramparts (dangerous; 6% risk of failure)
Press: ? - help, Dir - look around, f - activate The walls around you are covered in ice.
The wall freezes the orc priest.
The orc priest hits you with a +0 dagger.
The wall freezes the hobgoblin.
The wall freezes the orc wizard.
The orc wizard casts a spell at you. The puff of flame hits you!
* * * LOW HITPOINT WARNING * * *
The wall freezes the orc wizard.
Unknown command.
You are too injured to fight recklessly!
Unknown command.
Casting: Frozen Ramparts (dangerous; 6% risk of failure)
Confirm with . or Enter, or press ? or * to list all spells.
A film of ice covers your body!
The wall freezes the hobgoblin.
You kill the hobgoblin!
The wall freezes the orc priest.
The orc priest hits you with a +0 dagger.
* * * LOW HITPOINT WARNING * * *
The orc priest calls down the wrath of Beogh upon you.
Beogh smites you!
You die...

#.#..#.# ..
#.#.##<# ..
#.#.##.# ..
###......#
#o.....##.####
#o####.##.#
#.####.##.#
#o#......)#
#####o@..#.####
..........#.#
.#####......#
#.##..## #.
##.# .. #.# ...
..# .#.# ..# .#
...#


You could see 2 orc priests and 2 orc wizards.

Vanquished Creatures
  4 adders
  2 dart slugs (D:1)
  A worm (D:2)
  4 orcs (D:3)
  6 endoplasms
  9 goblins
  8 hobgoblins
  6 jackals
  7 kobolds
  2 quokkas
  3 ball pythons
  3 bats
  5 frilled lizards
  7 rats
67 creatures vanquished.

Notes
Turn   | Place    | Note
-------+----------+-------------------------------------------
     0 | D:1      | safid the Merfolk Ice Elementalist began the quest for the
                  | Orb.
     0 | D:1      | Reached XP level 1. HP: 13/13 MP: 3/3
   260 | D:1      | Reached XP level 2. HP: 20/20 MP: 1/5
   370 | D:1      | Reached skill level 1 in Fighting
   663 | D:1      | Reached XP level 3. HP: 18/26 MP: 1/6
   667 | D:1      | Learned a level 3 spell: Frozen Ramparts
  1712 | D:2      | Learned a level 3 spell: Ozocubu's Armour
  1921 | D:2      | Reached skill level 5 in Ice Magic
  1921 | D:2      | Reached XP level 4. HP: 26/31 MP: 8/8
  2924 | D:4      | Reached XP level 5. HP: 32/39 MP: 5/9
  2937 | D:4      | Killed from afar by an orc priest

Illustrated notes

Levels and vault maps discovered:
D:1:      heliophobic_arrival_enchanted_forest, layout_rooms,
          minmay_misc_feat_roman
D:2:      cheibrodos_helix_gallery, layout_rooms
D:3:      layout_loops_ring
D:4:      cheibrodos_greedy_goblins, layout_loops_cross,
          minmay_temple_entry_grid, kennysheep_doodads, uniq_natasha,
          uniq_edmund

Skill      XL: |  1  2  3  4 |
---------------+-------------+-----
Fighting       | 1 2 |  2.6
Ice Magic      | 5 |  5.2
Spellcasting   | 3 |  3.1
Dodging        | |  2.6
Stealth        | |  2.1

Action                   |  1- 3 |  4- 6 || total
-------------------------+-------+-------++-------
Melee: Unarmed           |     6 |       ||     6
       Hand axe          |    39 |       ||    39
       Punch             |     2 |       ||     2
       Dagger            |    21 |    41 ||    62
 Cast: Freeze            |    46 |     9 ||    55
       Frozen Ramparts   |       |     6 ||     6
       Ozocubu's Armour  |       |     1 ||     1
 Stab: Sleeping          |     2 |     3 ||     5
Armor: Robe              |    18 |    11 ||    29
Dodge: Dodged            |    69 |    23 ||    92
